 Dungeon Crawl Stone Soup version 0.31.0-12-g77e489cdc1 (webtiles) character file.

Game seed: 12773469688829583577

489 Gadfly the Trooper (level 7, 0/108 HPs)
             Began as an Oni Berserker on Feb 23, 2024.
             Was a Priest of Trog.
             Slain by a phantom (1 damage)
             ... on level 4 of the Dungeon.
             The game lasted 00:05:22 (4244 turns).

Gadfly the Trooper (Oni Berserker)                  Turns: 4244, Time: 00:05:22

Health: 0/108      AC:  4    Str: 24    XL:     7   Next: 14%
Magic:  7/7        EV: 10    Int:  8    God:    Trog [***...]
Gold:   148        SH:  0    Dex:  8    Spells: 6/6 levels left

rFire   . . .        a - +0 mace
rCold   + . .        (no shield)
rNeg    . . .        b - +0 animal skin
rPois   .            (helmet restricted)
rElec   .            g - +0 cloak
rCorr   .            (gloves unavailable)
SInv    .            (boots unavailable)
Will    .....        c - amulet of faith Stlth
                     h - ring of protection from cold
HPRegen 0.38/turn    (no ring)
MPRegen 0.10/turn

%: faith
@: berserking (expiring), very quick
A: large, unfitting armour, horns 1, tough skin 1, double potion healing,
drunken brawling
a: Renounce Religion, Berserk, Trog's Hand


You were on level 4 of the Dungeon.
You worshipped Trog.
Trog was most pleased with you.
You visited 1 branch of the dungeon, and saw 4 of its levels.

You collected 148 gold pieces.

Inventory:

Hand Weapons
 a - a +0 mace (weapon)
Armour
 b - a +0 animal skin (worn)
 g - a +0 cloak (worn)
Jewellery
 c - an amulet of faith (around neck)
 h - a ring of protection from cold (left hand)
Scrolls
 e - a scroll of fog
Potions
 d - a potion of haste
 f - 2 potions of degeneration
 i - a potion of heal wounds
 k - a potion of lignification


   Skills:
 + Level 5.4 Fighting
 + Level 4.1 Maces & Flails
 * Level 3.6 Armour
 - Level 2.6 Dodging
 * Level 3.2 Evocations


You had 6 spell levels left.
You didn't know any spells.
Your spell library was empty.

Dungeon Overview and Level Annotations

Branches:
Dungeon (4/15)
 Temple: D:4-7

Altars:


Innate Abilities, Weirdness & Mutations

You are too large for most types of armour.
You have a pair of small horns on your head.
You have tough skin. (AC +1)
You gain doubled healing and magic from potions.
Whenever you drink a healing potion, you attack all around you.


Message History

You hit the gnoll bouda.
You kill the gnoll bouda!
Trog accepts your kill.
The gnoll is no longer moving quickly.
You barely miss the phantom.
The gnoll is no longer moving quickly.
The phantom barely misses you. The phantom hits you!
* * * LOW HITPOINT WARNING * * *
Unknown command.
The phantom attacks as it pursues you! The phantom barely misses you.
The phantom attacks as it pursues you! The phantom misses you.
Your attacks no longer feel as feeble.
The phantom barely misses you.
You barely miss the phantom. Your headbutt misses the phantom.
The phantom barely misses you. The phantom closely misses you.
The phantom attacks as it pursues you! The phantom barely misses you.
The phantom attacks as it pursues you!
The phantom hits you but does no damage.
The phantom attacks as it pursues you! The phantom hits you.
* * * LOW HITPOINT WARNING * * *
The phantom blinks!
You blink.
A red film seems to cover your vision as you go berserk!
You feel yourself moving faster!
You feel mighty! The gnoll hits you with a +0 halberd!
* * * LOW HITPOINT WARNING * * *
The phantom barely misses you.
You sock the phantom! Your headbutt misses the phantom.
The phantom is moderately damaged.
You barely miss the phantom.
The phantom is moderately damaged.
The gnoll hits you with a +0 halberd!
* * * LOW HITPOINT WARNING * * *
The phantom hits you.
* * * LOW HITPOINT WARNING * * *
The phantom blinks!
You blink.
The gnoll is no longer moving quickly.
The phantom attacks as it pursues you! The phantom hits you.
* * * LOW HITPOINT WARNING * * *
You feel a strong urge to attack something.
The phantom attacks as it pursues you! The phantom hits you.
You die...

##.# #....<# ##..#
#..# ####### # #...#
#.## #.##.#.# #.#
#...ggg# ###.######
####g### #........#
#g# #...##.#.#### #)#
#...#.......########g#
#......#.##.@W.g§g.gg#
#..###.#.#############
#.. ....# ### ######


You could see a phantom and 3 gnolls.

Vanquished Creatures
  3 scorpions (D:4)
  A hound (D:4)
  A bombardier beetle (D:3)
  A gnoll bouda (D:4)
  2 jellies (D:4)
  Natasha (thrice) (D:3)
  4 adders
  An orc (D:4)
  3 bats
  4 endoplasms
  6 giant cockroaches
  7 goblins
  6 hobgoblins
  3 jackals (D:4)
  12 ball pythons
  5 frilled lizards
  4 kobolds
66 creatures vanquished.

Notes
Turn   | Place    | Note
-------+----------+-------------------------------------------
     0 | D:1      | Gadfly the Oni Berserker began the quest for the Orb.
     0 | D:1      | Reached XP level 1. HP: 24/24 MP: 1/1
   125 | D:1      | Reached XP level 2. HP: 32/32 MP: 2/2
  1089 | D:2      | Reached skill level 1 in Armour
  1154 | D:2      | Reached skill level 1 in Evocations
  1355 | D:2      | Reached ** piety under Trog
  1356 | D:2      | Reached XP level 3. HP: 31/39 MP: 3/3
  1677 | D:2      | Found a faded altar of an unknown god.
  2104 | D:3      | Reached XP level 4. HP: 27/49 MP: 4/4
  2347 | D:3      | Identified the +3 scale mail "Xysucim" {Regen+ rCorr Str-3
                  | Slay+3}
  2403 | D:3      | Noticed Natasha
  2410 | D:3      | Killed Natasha
  3022 | D:3      | Noticed Natasha
  3030 | D:3      | Killed Natasha
  3031 | D:3      | Reached XP level 5. HP: 46/55 MP: 5/5
  3318 | D:3      | Noticed Natasha
  3330 | D:3      | Killed Natasha
  3460 | D:4      | Reached *** piety under Trog
  3695 | D:4      | Reached XP level 6. HP: 63/65 MP: 6/6
  3723 | D:4      | Reached skill level 5 in Fighting
  4220 | D:4      | Reached XP level 7. HP: 38/72 MP: 7/7
  4242 | D:4      | HP: 4/108 [phantom (4)]
  4243 | D:4      | HP: 1/108 [phantom (3)]
  4244 | D:4      | Slain by a phantom

Illustrated notes

Levels and vault maps discovered:
D:1:      co_arrival_square_in_a_square_in_a_square, layout_basic,
          serial_co_window_serial, co_window_paths_b, co_window_corner_a,
          co_window_paths_a, co_window_corner_a, co_window_of_opportunity_a,
          co_window_of_opportunity_b, co_window_of_opportunity_c,
          co_window_2corner, co_window_broadway_c, co_window_unsneaky_path_e,
          glass_columns_a, glass_columns_a, glass_columns_a, glass_columns_b,
          minmay_worlds_worst_comb
D:2:      layout_loops_corners, shapermc_ecumenical_altar_mp_highgroup,
          minmay_tetromino_o2
D:3:      minmay_door_path, layout_rooms, minivault_11,
          minmay_goblin_kobold_house, uniq_natasha
D:4:      layout_loops_cross, nicolae_tricolors, uniq_menkaure

Skill      XL: |  1  2  3  4  5  6 |
---------------+-------------------+-----
Armour         | 1 2 3 |  3.6
Evocations     | 1 2 3 |  3.2
Fighting       | 5 |  5.4
Maces & Flails | 4 |  4.1
Dodging        | |  2.6

Action                     |  1- 3 |  4- 6 |  7- 9 || total
---------------------------+-------+-------+-------++-------
  Melee: Mace              |    73 |   128 |    13 ||   214
         Headbutt          |    16 |    21 |     2 ||    39
         Punch             |       |     1 |       ||     1
 Invoke: Berserk           |       |       |     1 ||     1
    Use: Scroll            |     5 |     2 |       ||     7
         Potion            |     1 |       |       ||     1
   Stab: Sleeping          |       |     1 |       ||     1
 Armour: Animal skin       |    35 |    93 |    11 ||   139
  Dodge: Dodged            |    32 |    84 |    12 ||   128
